 Dungeon Crawl Stone Soup version 0.30-a0-263-ge22c4ad894 (webtiles) character file.

Game seed: 15080426672800250713

2930 spaghetti the Fighter (level 9, -18/106 (111) HPs)
             Began as an Ogre Chaos Knight on Oct 13, 2022.
             Was a Plaything of Xom.
             Engulfed by a cloud of flame (22 damage)
             ... on level 7 of the Dungeon.
             The game lasted 00:11:09 (5924 turns).

spaghetti the Fighter (Ogre Chaos Knight)           Turns: 5924, Time: 00:11:11

HP:   -18/106 (111) AC:  7    Str: 28    XL:     9   Next: 79%
MP:   9/9           EV: 10    Int: 17    God:    Xom [..*...]
Gold: 323           SH:  0    Dex: 15    Spells: 8/8 levels left

rFire   . . .      SeeInvis .    h - +1 lajatang "Lifebane" {vorpal, *Noise rElec rCorr Str+10, staff}
rCold   . . .      Faith    .    (shield currently unavailable)
rNeg    . . .      Spirit   .    a - +2 robe
rPois   +          Reflect  .    y - +0 hat of the Invisible Hand {Dex+7}
rElec   +          Harm     .    (no cloak)
rCorr   +          Rampage  .    (gloves unavailable)
Will    .....                    (boots unavailable)
Stlth   +.........               (no amulet)
HPRegen 0.37/turn                c - ring of poison resistance
MPRegen 0.11/turn                x - ring of flight

@: flying, studying Fighting, lightly drained
A: large, unfitting armour, tough skin 1, iridescent scales 1
a: Renounce Religion


You were on level 7 of the Dungeon.
You worshipped Xom.
You were a toy of Xom.
You visited 2 branches of the dungeon, and saw 8 of its levels.

You collected 352 gold pieces.
You spent 29 gold pieces at shops.


Innate Abilities, Weirdness & Mutations

You are too large for most types of armour.
You have tough skin. (AC +1)
You are partially covered in iridescent scales. (AC +2)


   Skills:
 + Level 13.8 Fighting
 + Level 7.6 Staves
 + Level 6.9 Throwing
 - Level 2.9 Dodging
 - Level 3.0 Unarmed Combat


You had 8 spell levels left.
You didn't know any spells.
Your spell library contained the following spells:

 Spells                   Type           Power      Damage    Failure   Level
 Inner Flame              Hex/Fire       0%         N/A       56%         3
 Airstrike                Air            0%         2d(0-16)  93%         4
 Flame Wave               Conj/Fire      0%         2d4       93%         4
 Sticky Flame             Conj/Fire      0%         2d3       93%         4
 Summon Lightning Spire   Summ/Air       0%         N/A       93%         4
 Lightning Bolt           Conj/Air       0%         1d11      100%        5

Inventory:

Hand Weapons
 e - a +2 dagger of venom {short}
   (You took it off a kobold on level 1 of the Dungeon)
 g - a +3 short sword {short}
   (You took it off a kobold on level 1 of the Dungeon)
 h - the +1 lajatang "Lifebane" (weapon) {vorpal, *Noise rElec rCorr Str+10, staff}
   (You acquired it on level 3 of the Dungeon)

   It inflicts extra damage upon your enemies.
   Str:       It affects your strength (+10).
   rElec:     It insulates you from electricity.
   *Noise:    It may make noises in combat.
   rCorr:     It protects you from acid and corrosion.
Missiles
 d - 88 stones {throwing}
 k - 2 large rocks {=fthrowing}
 l - a boomerang of dispersal {=f!fthrowing}
 r - a boomerang {throwing}
 s - a throwing net {=f!fthrowing}
 t - 7 javelins {throwing}
Armour
 a - a +2 robe (worn)
 y - the +0 hat of the Invisible Hand (worn) {Dex+7}
   (You found it on level 5 of the Dungeon)

   Dex:       It affects your dexterity (+7).
Magical Staves
 u - a staff of air {!astaff}
   (You found it on level 4 of the Dungeon)
 v - a staff of earth {!astaff}
   (You found it on level 4 of the Dungeon)
 w - a staff of earth {!astaff}
   (Xom gifted it to you on level 4 of the Dungeon)
Jewellery
 c - a ring of poison resistance (left hand)
   (You found it on level 1 of the Dungeon)
 p - a ring of ice
   (You found it on level 6 of the Dungeon)
 x - a ring of flight (right hand)
   (You found it on level 4 of the Dungeon)
Scrolls
 f - 4 scrolls of teleportation {@r4}
 i - 3 scrolls of identify {@r1}
 o - a scroll of vulnerability {!r!r}
 z - 3 scrolls of blinking {!r}
Potions
 n - a potion of berserk rage {!q}
 A - a potion of heal wounds {@q2}
Miscellaneous
 b - a piece from Xom's chessboard (15/15) (quivered)

Dungeon Overview and Level Annotations

Branches:
Dungeon (7/15) Zot: 26809  Temple (1/1) D:6 Zot: 5923

Altars:
Cheibriados
Makhleb
Nemelex Xobeh
Qazlal
Ru
Trog
Uskayaw
Vehumet
Wu Jian

Shops:
D:4 (   D:6 [

Annotations:
D:7 Joseph

** * ** * * , * ,**
* * #,* * *, #
#.##. *,.##
##.#..#### ...(
#........# *..... ,
*
,.....##.###......,
,, #.....@§§(@o...,
, ,*
##>.≈~§§§≈~.#..,
#..* ##.≈####≈g(# ,
#.. #.~# , ≈~.#,,,
..## ##.~#, ~~.g. ,
#..# ##..~#
,'~~.... ,
#..###...~# , ....
, #..##....~# *
~..##, ##
###..#.....~#* , *


You could see Joseph (inner flame, fleeing), an orc (inner flame, fleeing) and 2
hobgoblins.


Message History

You closely miss the wight. The wight hits you with a +0 dagger.
The hobgoblin barely misses you. 😮 HP[-3]
You take 3 damage, and now have 65/107 hp.
You barely miss the wight. The wight hits you with a +0 dagger.
The hobgoblin hits you from afar with a +0 spear. 😮 HP[-9]
You take 9 damage, and now have 56/107 hp.
You slash the wight!
You destroy the wight!
You hear a splash. x2
Joseph unwields a +0 quarterstaff.
Joseph wields a +0 sling.
Joseph shoots a sling bullet.
The sling bullet hits you!
* * * LOW HITPOINT WARNING * * *
The hobgoblin hits you but does no damage. 😨 HP[-16]
You now have 108 max hp (+1).
You take 16 damage, and now have 40/108 hp.
Throw: 7 large rocks {=fthrowing}
Press: ? - help, Shift-Dir - straight line, f - Joseph
Aim: Joseph, wielding a +0 sling and wearing a +0 leather armour (68% to hit)
You throw a large rock {=fthrowing}.
The large rock {=fthrowing} closely misses Joseph.
You hear a shout!
The hobgoblin hits you but does no damage.
The orc barely misses you.
The hobgoblin barely misses you. 😨 HP[+1] Throw: 6 large rocks {=fthrowing}
Press: ? - help, Shift-Dir - straight line, f - orc, p - Joseph
Aim: an orc, wielding a +0 spear (68% to hit)
You throw a large rock {=fthrowing}.
The large rock {=fthrowing} barely misses the orc.
The orc barely misses you.
The hobgoblin hits you from afar with a +0 spear.
* * * LOW HITPOINT WARNING * * *
The orc hits you from afar with a +0 spear.
* * * LOW HITPOINT WARNING * * *
😨 HP[-9]
You take 9 damage, and now have 32/108 hp.
Throw: 5 large rocks {=fthrowing}
Press: ? - help, Shift-Dir - straight line, f - Joseph, p - orc
Aim: Joseph, wielding a +0 sling and wearing a +0 leather armour (68% to hit)
You throw a large rock {=fthrowing}.
The large rock {=fthrowing} hits the hobgoblin!!
You kill the hobgoblin!
Joseph shoots a sling bullet.
The sling bullet hits you.
* * * LOW HITPOINT WARNING * * *
The orc hits you but does no damage.
A hobgoblin comes into view. It is wielding a +4 spear.
The orc completely misses you.
You hear a shout! 😱 HP[-6]
You take 6 damage, and now have 26/108 hp.
The necrophage attacks as you move away!
The necrophage barely misses you.
Things that are here:
a +3 spear of freezing {polearm}; a +0 robe 😱 HP[+1] Throw: 4 large rocks {=fthrowing}
Press: ? - help, Shift-Dir - straight line, f/p - Joseph
Aim: Joseph, wielding a +0 sling and wearing a +0 leather armour (68% to hit)
You throw a large rock {=fthrowing}.
The large rock {=fthrowing} closely misses the necrophage.
The large rock {=fthrowing} hits Joseph.
Xom smirks.
You feel aware of your surroundings.
The necrophage hits you but does no damage.
As you read the scroll of fear, it crumbles to dust.
You assume a fearsome visage.
The hobgoblin looks frightened!
The orc looks frightened!
Joseph looks frightened!
The necrophage is unaffected.
The necrophage hits you.
* * * LOW HITPOINT WARNING * * *
You feel drained.
You now have 107 max hp (-1).
Unknown command.
You slash the necrophage! The necrophage hits you.
* * * LOW HITPOINT WARNING * * *
You feel drained.
A hobgoblin comes into view. It is wielding a +0 spear. 😱 HP[-1]
You now have 106 max hp (-1).
Unknown command.
Really read
j - a scroll of immolation {!r!r}?
Really read the scroll of immolation?
As you read the scroll of immolation {!r!r}, it crumbles to dust.
The creatures around you are filled with an inner flame!
The necrophage hits you but does no damage.
Unknown command.
Throw: 3 large rocks {=fthrowing}
Press: ? - help, Shift-Dir - straight line, f - orc, p - Joseph
Aim: an orc, wielding a +0 spear (inner flame, fleeing, 68% to hit)
You throw a large rock {=fthrowing}.
The large rock {=fthrowing} hits the necrophage!!
The necrophage explodes!
The fiery explosion engulfs you!!
* * * LOW HITPOINT WARNING * * *
You are engulfed in blazing flames.
You die...
Xom snickers!

Skill      XL: |  1  2  3  4  5  6  7  8  9 |
---------------+----------------------------+-----
Unarmed Combat | 3 |  3.0
Fighting       | 5 6 7 10 11 13 | 13.8
Staves         | 3 5 6 7 |  7.6
Throwing       | 1 2 4 5 6 |  6.9
Dodging        | |  2.9

Action                   |  1- 3 |  4- 6 |  7- 9 || total
-------------------------+-------+-------+-------++-------
Melee: Unarmed           |    47 |       |       ||    47
       Dagger            |    94 |    50 |       ||   144
       Punch             |     1 |     1 |       ||     2
       Lajatang          |       |    98 |   155 ||   253
Throw: Stone             |       |     6 |       ||     6
       Large rock        |       |       |    11 ||    11
  Use: Potion            |     4 |       |     5 ||     9
       Scroll            |     2 |     7 |     5 ||    14
Armor: Robe              |   125 |    91 |    76 ||   292
       Skin              |     1 |       |    20 ||    21
Dodge: Dodged            |   142 |   111 |    67 ||   320

Levels and vault maps discovered:
D:1:      lemuel_arrival_cross, layout_basic
D:2:      layout_rooms, basic_altar, chequers_serial_rivers_room_b
D:3:      layout_basic, shapermc_ecumenical_altar_flowoftime
D:4:      layout_loops_cross, corner_web_ring, nicolae_shop_firing_range
D:5:      layout_cave_pods, slow_altar_2, nemelex_spade_bored_becter,
          minmay_crossroads, uniq_pikel
D:6:      layout_rooms, nicolae_uskayaw_en_pointe, grunt_qazlal_clouds,
          trog_wizard, minmay_temple_entry_drinking_statues, serial_shops,
          nicolae_shop_trees, uniq_menkaure, uniq_sigmund, uniq_duvessa
D:7:      layout_layer_cave, lemuel_tele_altar, mainiacjoe_overflow_alcove_4,
          mainiacjoe_overflow_cross_hatched, enter_bailey_4, uniq_joseph
Temple:   hellmonk_temple_of_storms

Notes
Turn   | Place    | Note
-------+----------+-------------------------------------------
     0 | D:1      | spaghetti the Ogre Chaos Knight began the quest for the
                  | Orb.
     0 | D:1      | Reached XP level 1. HP: 24/24 MP: 1/1
     0 | D:1      | magus.rc [v1.9.6]
    24 | D:1      | XOM: potion effect (brilliance)
   141 | D:1      | XOM: silly message
   143 | D:1      | XOM: divination: magic mapping
   268 | D:1      | Reached XP level 2. HP: 31/33 MP: 2/2
   278 | D:1      | Reached skill level 3 in Unarmed Combat
   548 | D:1      | XOM: noise
  1024 | D:1      | XOM: silly message
  1051 | D:1      | Reached XP level 3. HP: 41/41 MP: 3/3
  1060 | D:1      | Reached skill level 5 in Fighting
  1103 | D:2      | XOM: potion effect (curing)
  1151 | D:2      | XOM: potion effect (brilliance)
  1176 | D:1      | XOM is BORED!
  1176 | D:1      | XOM: silly message
  1372 | D:2      | Reached XP level 4. HP: 28/50 MP: 4/4
  1518 | D:2      | Found a radiant altar of Vehumet.
  1587 | D:2      | XOM: 5-stop teleportation journey
  1685 | D:2      | XOM: noise
  1689 | D:2      | Reached skill level 6 in Fighting
  2052 | D:3      | Identified a scroll of acquirement
  2052 | D:3      | Acquired the +1 lajatang "Lifebane" {vorpal, *Noise rElec
                  | rCorr Str+10}
  2219 | D:3      | Noticed a phantom
  2223 | D:3      | XOM: summons 3 friendly demons
  2230 | D:3      | Reached XP level 5. HP: 57/59 MP: 5/5
  2231 | D:3      | Killed a phantom
  2232 | D:3      | Reached skill level 2 in Staves
  2306 | D:3      | Found a faded altar of an unknown god.
  2384 | D:3      | XOM: god gift: 3 large rocks
  2715 | D:3      | XOM: give mutation
  2715 | D:3      | Gained mutation: You are partially covered in iridescent
                  | scales. (AC +2) [Xom's grace]
  2993 | D:4      | Found Coxaedw Buor's Firing Range.
  2996 | D:4      | XOM: god gift: scroll of acquirement
  3000 | D:4      | Reached skill level 3 in Staves
  3000 | D:4      | Reached skill level 1 in Throwing
  3000 | D:4      | Reached XP level 6. HP: 59/67 MP: 6/6
  3001 | D:4      | Acquired a manual of Fighting
  3031 | D:4      | Bought 3 large rocks for 29 gold pieces
  3190 | D:4      | XOM: 3-stop teleportation journey
  3242 | D:4      | Reached skill level 2 in Throwing
  3242 | D:4      | Noticed a black bear
  3246 | D:4      | Killed a black bear
  3247 | D:4      | Reached skill level 7 in Fighting
  3247 | D:4      | Reached XP level 7. HP: 70/78 MP: 7/7
  3328 | D:4      | XOM: divination: detect creatures
  3388 | D:4      | XOM: god gift: staff of earth
  3592 | D:5      | Entered Level 5 of the Dungeon
  3619 | D:5      | Reached skill level 4 in Staves
  3637 | D:5      | Identified the +0 hat of the Invisible Hand {Dex+7}
  3798 | D:5      | Reached skill level 8 in Fighting
  3798 | D:5      | Reached skill level 3 in Throwing
  3839 | D:5      | Noticed Pikel
  3848 | D:5      | Killed Pikel
  3849 | D:5      | Reached skill level 10 in Fighting
  3849 | D:5      | Reached skill level 5 in Staves
  3849 | D:5      | Reached skill level 4 in Throwing
  3849 | D:5      | Reached XP level 8. HP: 55/93 MP: 8/8
  3852 | D:5      | You pick up a book of Flames and begin reading...
  3852 | D:5      | You add the spells Inner Flame, Sticky Flame and Flame Wave
                  | to your library.
  3957 | D:5      | Identified the +6 scale mail of the Cricket {rElec rPois
                  | rCorr Dex+9}
  4049 | D:5      | XOM: silly message
  4154 | D:5      | XOM is BORED!
  4185 | D:5      | Reached skill level 11 in Fighting
  4185 | D:5      | Reached skill level 5 in Throwing
  4197 | D:5      | XOM: 2-stop teleportation journey
  4242 | D:5      | XOM: silly message
  4403 | D:5      | Found a sparkling altar of Nemelex Xobeh.
  4460 | D:5      | Reached skill level 6 in Staves
  4514 | D:5      | XOM: noise
  4642 | D:5      | Found a snail-covered altar of Cheibriados.
  4749 | D:6      | Noticed Menkaure
  4749 | D:6      | Found a staircase to the Ecumenical Temple.
  4753 | D:6      | XOM: butterfly on damage
  4756 | D:6      | Killed Menkaure
  4757 | D:6      | Reached XP level 9. HP: 47/106 MP: 9/9
  4966 | D:6      | You pick up a book of Storms and begin reading...
  4966 | D:6      | You add the spells Airstrike, Summon Lightning Spire and
                  | Lightning Bolt to your library.
  4967 | D:6      | Noticed a +0 short sword
  4967 | D:6      | Noticed a +0 spear
  4968 | D:6      | Noticed a +0 spear
  4968 | D:6      | Noticed a +0 dagger
  4968 | D:6      | Noticed a +0 falchion
  4969 | D:6      | Noticed a +0 dagger
  4970 | D:6      | Noticed a +0 falchion
  4970 | D:6      | Noticed a +0 short sword
  4977 | D:6      | Reached skill level 12 in Fighting
  4989 | D:6      | XOM: 1-stop teleportation journey
  5051 | D:6      | Found a stormy altar of Qazlal.
  5094 | D:6      | Noticed Sigmund
  5133 | D:6      | Killed Sigmund
  5134 | D:6      | XOM: noise
  5157 | D:6      | Noticed Duvessa
  5160 | D:6      | Noticed Dowan
  5167 | D:6      | XOM: summons 2 friendly demons
  5171 | D:6      | Reached skill level 6 in Throwing
  5175 | Temple   | Entered the Ecumenical Temple
  5260 | D:6      | Killed Dowan
  5269 | D:6      | Killed Duvessa
  5270 | D:6      | Reached skill level 7 in Staves
  5315 | D:6      | Reached skill level 13 in Fighting
  5366 | D:6      | XOM: silly message
  5491 | D:6      | Found a bloodstained altar of Trog.
  5518 | D:6      | Noticed a wizard
  5521 | D:6      | Killed a wizard
  5603 | D:6      | Found Ezou's Antique Armour Shop.
  5692 | D:6      | Found a hide-covered altar of Uskayaw.
  5739 | D:7      | Found a burning altar of Makhleb.
  5907 | D:7      | Noticed Joseph
  5918 | D:7      | HP: 26/108 [Joseph/sling bullet (6)]
  5920 | D:7      | XOM: divination: magic mapping
  5924 | D:7      | HP: 4/106 [spore (22)]
  5924 | D:7      | Engulfed by a cloud of flame

Vanquished Creatures
  Pikel (D:5)
  Sigmund (D:6)
  A wyvern (D:7)
  Menkaure (D:6)
  Duvessa (D:6)
  A sky beast (D:6)
  3 ice beasts
  3 black bears
  2 ogres (D:6)
  A phantom (D:3)
  A bullfrog (D:7)
  2 necrophages
  3 scorpions
  5 wights (D:7)
  Dowan (D:6)
  A howler monkey (D:6)
  6 hounds (D:5)
  2 iguanas
  3 orc wizards
  6 gnolls
  5 adders
  2 white imps (D:5)
  3 worms
  3 dart slugs (D:2)
  7 orcs (D:5)
  4 ball pythons
  4 bats
  6 endoplasms
  6 giant cockroaches
  4 goblins
  5 hobgoblins
  14 jackals
  6 kobolds
  5 quokkas
  3 training dummies (D:4)
  3 frilled lizards
  6 rats
131 creatures vanquished.

Vanquished Creatures (collateral kills)
  An adder (D:3)
  A bat (D:3)
  A ball python (D:3)
3 creatures vanquished.

Vanquished Creatures (others)
  A wizard (D:6)
1 creature vanquished.

Grand Total: 135 creatures vanquished

Table legend:
 A = Non-vault XP
 B = Vault XP
 C = Vault XP percentage of total XP
 D = Non-vault monster count
 E = Vault monster count
 F = Vault count percentage of total count
                 A         B        C        D         E       F
            +---------+---------+-------+---------+---------+-------
      Total |    2968 |    1307 |  30.6 |     121 |      12 |   9.0
            +---------+---------+-------+---------+---------+-------
        D:1 |      68 |       0 |   0.0 |      32 |       0 |   0.0
        D:2 |      82 |       0 |   0.0 |      19 |       0 |   0.0
        D:3 |     141 |       0 |   0.0 |      18 |       0 |   0.0
        D:4 |     371 |       6 |   1.6 |       9 |       3 |  25.0
        D:5 |     881 |     698 |  44.2 |      26 |       4 |  13.3
        D:6 |     663 |     601 |  47.5 |       9 |       4 |  30.8
        D:7 |     762 |       2 |   0.3 |       8 |       1 |  11.1
            +---------+---------+-------+---------+---------+-------

Illustrated notes

Table legend:
 A = Kills in this place as a percentage of kills in entire the game.
 B = Kills by you in this place as a percentage of kills by you in the entire game.
 C = Kills by friends in this place as a percentage of kills by friends in the entire game.
 D = Other kills in this place as a percentage of other kills in the entire game.
 E = Experience gained in this place as a percentage of experience gained in the entire game.
 F = Experience gained in this place divided by the number of levels of this place that you have seen.
                   A       B       C       D       E      F
               +-------+-------+-------+-------+-------+----------------------
         Total | 100.0 | 100.0 | 100.0 |   N/A | 100.0 | 534.4
       Dungeon | 100.0 | 100.0 | 100.0 |   N/A | 100.0 | 610.7
               +-------+-------+-------+-------+-------+----------------------

Table legend: (Time is in decaauts)
 A = Elapsed time spent in this place.
 B = Non-inter-level travel time spent in this place.
 C = Inter-level travel time spent in this place.
 D = Time resting spent in this place.
 E = Time spent auto-exploring this place.
 F = Levels seen in this place.
 G = Mean time per level.
                   A        B        C        D        E       F      G
               +--------+--------+--------+--------+--------+-----+--------+
         Total |   5976 |   5797 |    179 |    626 |   4148 |   8 |  747.0 |
       Dungeon |   5899 |   5720 |    179 |    551 |   4148 |   7 |  842.7 |
        Temple |     76 |     76 |      0 |     75 |      0 |   1 |   76.0 |
               +--------+--------+--------+--------+--------+-----+--------+

Top non-repeatable levels by time:
     D:5: 1375 daAuts
     D:1: 1254 daAuts
     D:2: 823 daAuts
     D:3: 791 daAuts
     D:4: 749 daAuts
     D:6: 714 daAuts
     D:7: 190 daAuts
  Temple: 76 daAuts
